 Dungeon Crawl Stone Soup version 0.29.0-4-gdea44cf6ec (webtiles) character file.

Game seed: 9684391695411454806

19 qw the Chopper (level 2, -12/24 HPs)
             Began as a Barachi Chaos Knight on Sept 6, 2022.
             Mangled by a sun demon (13 damage)
             ... summoned by Xom
             ... on level 1 of the Dungeon.
             The game lasted 00:00:21 (704 turns).

qw the Chopper (Barachi Chaos Knight)                Turns: 704, Time: 00:00:22

Health: -12/24     AC:  5    Str: 13      XL:     2   Next: 75%
Magic:  2/2        EV: 11    Int: 12      God:
Gold:   48         SH:  0    Dex:  9 (11) Spells: 1/1 levels left

rFire   . . .      SeeInvis .   a - +0 hand axe (chaos)
rCold   . . .      Faith    .   (no shield)
rNeg    . . .      Spirit   .   b - +2 leather armour
rPois   .          Reflect  .   (no helmet)
rElec   .          Harm     .   (no cloak)
rCorr   .          Rampage  .   (no gloves)
Will    .....                   (no boots)
Stlth   +.........              (no amulet)
HPRegen 0.08/turn               (no ring)
MPRegen 0.08/turn               (no ring)

@: slow
A: amphibious, slowness 1, strong legs 1, +LOS
a: Hop


You were on level 1 of the Dungeon.
You visited 1 branch of the dungeon, and saw 1 of its levels.

You collected 48 gold pieces.


Innate Abilities, Weirdness & Mutations

You are amphibious.
You cover ground slowly.
You can hop short distances.
You have an extended range of vision and can be seen from far away.


   Skills:
 - Level 3.6 Fighting
 + Level 4.3 Axes
 - Level 2.4 Armour
 - Level 1.1 Dodging


You had one spell level left.
You didn't know any spells.
Your spell library was empty.

Inventory:

Hand Weapons
 a - a +0 hand axe of chaos (weapon)
 e - a +0 whip of electrocution
Armour
 b - a +2 leather armour (worn)
Potions
 f - a potion of mutation {unknown}
 g - a potion of curing {unknown}
Miscellaneous
 c - a piece from Xom's chessboard (15/15)

Dungeon Overview and Level Annotations

Branches:
Dungeon (1/15)

Altars:


Message History

The quasit claws you but does no damage. x2
Something barely misses you. Something claws you.
You feel clumsy. Something claws you.
The soul eater hits you but does no damage.
The crimson imp blinks! x2
You barely miss the quasit.
The quasit is severely wounded.
You barely miss the quasit. You hit the ufetubus.
The ufetubus suddenly seems more agile.
You hit something but do no damage.
You hit the soul eater but do no damage.
You hit the sun demon but do no damage.
The sun demon resists with almost no effort.
The ufetubus barely misses you. The ufetubus hits you.
Something bites you but does no damage.
Something claws you but does no damage. x2
The quasit bites you.
The quasit claws you but does no damage.
The quasit closely misses you. x2
The quasit claws you but does no damage.
The quasit misses you. The ufetubus barely misses you. The ufetubus misses you.
The crimson imp blinks!
The soul eater draws from the surrounding life force!
The soul eater is healed.
You closely miss the quasit.
The quasit is severely wounded.
You barely miss the soul eater. You miss the sun demon. You miss the quasit.
You miss the ufetubus. You completely miss something.
The quasit closely misses you. The quasit barely misses you.
The quasit claws you but does no damage.
Something bites you.
You feel clumsy.
Something claws you but does no damage. x2; The quasit closely misses you.
The quasit claws you.
The quasit claws you but does no damage.
The ufetubus completely misses you.
The ufetubus hits you but does no damage.
The sun demon hits you!
Ouch! That really hurt!
You die...
Xom guffaws!

# #...# ####...######
####### ...#...#....#
#.....#
.#.#...#.##.####.....#
.......#.##.##.......#
####.###....##.#.5...#
..........#.##.#.455.#
#.#.##.##.#.##.#{35..#
#.#.#.....####.#@54..#
..#.(..#..# #5535####
#####.....####¤¤####
...................#
........##########.#
.######..>..#...# #
.....######.#.#.#
'####...###...#.##.#
~~~~####.##..##....#


You could see a soul eater (summoned), a sun demon (summoned), a hellwing
(summoned), a rust devil (summoned), an iron imp (summoned), 2 quasits, 2
crimson imps, a shadow imp (summoned) and 2 ufetubi.

Vanquished Creatures
  3 endoplasms (D:1)
  A giant cockroach (D:1)
  3 hobgoblins (D:1)
  3 kobolds (D:1)
  2 ball pythons (D:1)
  A bat (D:1)
  5 rats (D:1)
18 creatures vanquished.

Notes
Turn   | Place    | Note
-------+----------+-------------------------------------------
     0 | D:1      | qw the Barachi Chaos Knight began the quest for the Orb.
     0 | D:1      | Reached XP level 1. HP: 18/18 MP: 1/1
     0 | D:1      | 0 ||| qw: Version: 0.1-a-108-g9e35731
     0 | D:1      | 0 ||| qw: Game counter: 6230
     0 | D:1      | 0 ||| qw: Always use a shield: true
     0 | D:1      | 0 ||| qw: God list: Okawaru
     0 | D:1      | 0 ||| qw: Allow faded altars: false
     0 | D:1      | 0 ||| qw: Do Orc after D:15 true
     0 | D:1      | 0 ||| qw: Do second Lair branch before Depths: true
     0 | D:1      | 0 ||| qw: Lair rune preference: random
     0 | D:1      | 0 ||| qw: Plans: Normal
     0 | D:1      | 0 ||| PLANNING D:1-11
     0 | D:1      | Fell from the grace of Xom
   145 | D:1      | Reached XP level 2. HP: 15/24 MP: 2/2
   292 | D:1      | Found a faded altar of an unknown god.
   299 | D:1      | Reached skill level 4 in Axes
   449 | D:1      | 449 ||| Stepping ~*~*~tactically~*~*~ (stealth).
   450 | D:1      | 450 ||| Stepping ~*~*~tactically~*~*~ (stealth).
   610 | D:1      | 610 ||| DROPPING +0 whip.
   700 | D:1      | XOM: summons 13 hostile demons
   701 | D:1      | Noticed a crimson imp
   701 | D:1      | Noticed a crimson imp
   701 | D:1      | Noticed a rust devil
   701 | D:1      | Noticed a sun demon
   701 | D:1      | Noticed a soul eater
   701 | D:1      | Noticed a hellwing
   703 | D:1      | HP: 4/24 [soul eater[Xom] (11)]
   704 | D:1      | HP: 1/24 [quasit[Xom] (1)]
   704 | D:1      | Mangled by a sun demon

Levels and vault maps discovered:
D:1:      dpeg_arrival_yet_another_circle, layout_basic,
          hellmonk_ecumenical_altar_blasted

Skill      XL: |  1  2 |
---------------+-------+-----
Axes           | 4 |  4.3
Fighting       | |  3.6
Armour         | |  2.4
Dodging        | |  1.1

Action                   || total
-------------------------++-------
Melee: Hand axe          ||    53
Throw: Boomerang         ||     6
Invok: Renounce Religion ||     1
Armor: Leather armour    ||    34
Dodge: Dodged            ||    35

Table legend:
 A = Non-vault XP
 B = Vault XP
 C = Vault XP percentage of total XP
 D = Non-vault monster count
 E = Vault monster count
 F = Vault count percentage of total count
                 A         B        C        D         E       F
            +---------+---------+-------+---------+---------+-------
      Total |      28 |       0 |   0.0 |      18 |       0 |   0.0
            +---------+---------+-------+---------+---------+-------
        D:1 |      28 |       0 |   0.0 |      18 |       0 |   0.0
            +---------+---------+-------+---------+---------+-------
